 Dungeon Crawl Stone Soup version 0.19-a0-1337-g9bf5fb0 (webtiles) character file.

33 Magifyre the Chopper (level 3, -3/23 HPs)
             Began as a Gargoyle Berserker on Aug 31, 2016.
             Was a Follower of Trog.
             Killed from afar by Sigmund (6 damage)
             ... with a magic dart
             ... on level 2 of the Dungeon.
             The game lasted 00:02:43 (647 turns).

Magifyre the Chopper (Gargoyle Berserker)            Turns: 647, Time: 00:02:44

Health: -3/23      AC: 10    Str: 21    XL:     3   Next: 29%
Magic:  3/3        EV:  8    Int:  7    God:    Trog [*.....]
Gold:   74         SH:  0    Dex:  9    Spells: 0 memorised, 2 levels left

rFire  . . .     SeeInvis .     a - +0 hand axe
rCold  . . .     Gourm    .     k - -1 chain mail (curse)
rNeg   + . .     Faith    .     (no shield)
rPois  ∞         Spirit   .     (no helmet)
rElec  +         Dismiss  .     (no cloak)
rCorr  .         Reflect  .     (no gloves)
MR     .....     Harm     .     (no boots)
Stlth  ..........               i - amulet of regeneration
                                (no ring)
                                (no ring)

@: exhausted, slowed, very slow
A: negative energy resistance 1, electricity resistance, unbreathing,
petrification resistance, rot immunity, AC +3
a: Berserk, Burn Spellbooks, Renounce Religion


You were on level 2 of the Dungeon.
You worshipped Trog.
Trog was aware of your devotion.
You were not hungry.

You visited 1 branch of the dungeon, and saw 2 of its levels.

You collected 74 gold pieces.

Inventory:

Hand Weapons
 a - a +0 hand axe (weapon)
Armour
 b - a +0 animal skin
 k - a cursed -1 chain mail (worn)
Jewellery
 i - an amulet of regeneration (around neck)
Scrolls
 d - a scroll of fear {unknown}
 e - a scroll of noise {unknown}
 h - 2 scrolls of teleportation {unknown}
 j - 2 scrolls of identify {unknown}
 m - a scroll of recharging {unknown}
Potions
 l - a potion of curing {unknown}
Comestibles
 c - a bread ration
 f - a chunk of flesh
 g - a meat ration


   Skills:
 - Level 3.2 Fighting
 + Level 3.9 Axes
 - Level 2.1 Armour
 - Level 1.5 Dodging


You had 2 spell levels left.
You didn't know any spells.

Dungeon Overview and Level Annotations

Branches:
Dungeon (2/15)

Altars:
Nemelex Xobeh

Annotations:
D:2 Sigmund


Innate Abilities, Weirdness & Mutations

You are resistant to torment.
Your stone body is resilient. (AC +3)
You are immune to poison.
You resist negative energy. (rN+)
You are resistant to electric shocks. (rElec)
You can survive without breathing.
You are immune to petrification.
You are immune to rotting.


Message History

You feel a strong urge to attack something.
Sigmund hits you with a scythe of flaming.
* * * LOW HITPOINT WARNING * * *
Sigmund burns you.
* * * LOW HITPOINT WARNING * * *
You feel your anger subside.
You are no longer berserk.
You are exhausted.
You feel yourself slow down. Sigmund hits you but does no damage.
Sigmund breathes a few words.
Sigmund's hands start flickering wildly.
Sigmund hits you with a scythe of flaming.
* * * LOW HITPOINT WARNING * * *
Sigmund burns you.
* * * LOW HITPOINT WARNING * * *
You feel less confused. Sigmund barely misses you.
Sigmund points at you and mumbles some strange words.
The magic dart hits you!
You die...

#... ..... #..# #.#.# #
#..###.#.##.# #..#.........
#...........# ###.#....###.#
#.))#....# .#
#.#.#....###.####.
##'##..@...........
##8.8##.†@####......
##.....##...(..#.##
##8.....8##.###(#.###..#
##.........### #.........
###8.........8# #...{K....
#.'.......)...+ ..........#
##.#8.........8###########.#
.##.###.........## .


You could see Sigmund.

Vanquished Creatures
  An ooze (D:1)
  2 dart slugs (D:1)
  A giant gecko (D:1)
  2 bats (D:1)
  A giant cockroach (D:1)
  2 goblins (D:1)
  5 hobgoblins
  A giant newt (D:1)
  4 kobolds
  5 rats (D:1)
24 creatures vanquished.

Notes
Turn   | Place    | Note
-------+----------+-------------------------------------------
     0 | D:1      | Magifyre the Gargoyle Berserker began the quest for the Orb.
     0 | D:1      | Reached XP level 1. HP: 14/14 MP: 1/1
    87 | D:1      | Reached XP level 2. HP: 15/19 MP: 2/2
   269 | D:1      | Found a sparkling altar of Nemelex Xobeh.
   361 | D:1      | Reached XP level 3. HP: 23/23 MP: 3/3
   614 | D:2      | Noticed Sigmund
   647 | D:2      | Killed from afar by Sigmund

Vault maps used:
D:1:      dpeg_arrival_tiny_i, nemelex_altar_shiori
D:2:      lemuel_coloured_pillars_altar, minmay_misc_feat_plants,
          roderic_serpentine_path, dk_noncrumbling_4, uniq_sigmund, uniq_jessica

Skill      XL: |  1 |
---------------+----+-----
Axes           | 3 |  3.9
Fighting       | |  3.2
Armour         | |  2.1
Dodging        | |  1.5

Action                   || total
-------------------------++-------
Melee: Hand axe          ||    83
Invok: Berserk           ||     1
Armor: Animal skin       ||    18
       Chain mail        ||     9
Dodge: Dodged            ||    51
